 Dungeon Crawl Stone Soup version 0.17-a0-1504-gb7d9117 (webtiles) character file.

594 urechis the Grappler (level 7, -6/66 HPs)
             Began as a Troll Monk on July 7, 2015.
             Mangled by a scorpion (8 damage)
             ... on level 5 of the Dungeon.
             The game lasted 00:08:23 (2836 turns).

urechis the Grappler (Troll Monk)                   Turns: 2836, Time: 00:08:25

Health: -6/66      AC:  7    Str: 22    XL:     7   Next: 16%
Magic:  6/6        EV: 10    Int:  6    God:
Gold:   204        SH:  0    Dex: 12    Spells: 0 memorised, 6 levels left

rFire  + + .     SeeInvis .       - Unarmed
rCold  . . .     Clarity  .     w - +2 robe {rF+}
rNeg   + . .     SustAt   .     (no shield)
rPois  .         Gourm    +     (helmet restricted)
rElec  .         Spirit   .     (no cloak)
rCorr  .         Warding  .     (gloves unavailable)
rMut   .         Stasis   .     (boots unavailable)
MR     .....                    (no amulet)
Stlth  +.........               u - ring of positive energy
                                f - ring of protection from fire

@: lethally poisoned (-6 -> -7), not resistant to hostile enchantments, very
unstealthy
A: unfitting armour, claws 3, fast metabolism 3, gourmand, regeneration 2,
shaggy fur 1, tough skin 2
a: no special abilities


You were on level 5 of the Dungeon.
You were very full.

You visited 1 branch of the dungeon, and saw 5 of its levels.

You collected 204 gold pieces.

Inventory:

Missiles
 j - 4 large rocks (quivered)
 B - 7 curare-tipped needles
Armour
 w - a +2 robe of fire resistance (worn)
Jewellery
 f - a ring of protection from fire (left claw)
 m - an uncursed ring of magical power
 o - an uncursed ring of wizardry
 u - a ring of positive energy (right claw)
 x - a cursed ring of protection from magic {unknown}
Magical devices
 C - a wand of frost (23)
Scrolls
 a - a scroll of fear {unknown}
 d - a scroll of recharging {unknown}
 g - 3 scrolls of teleportation {unknown}
 p - 3 scrolls of fog {unknown}
 q - 2 scrolls of blinking {unknown}
 r - 4 scrolls of identify {unknown}
 s - a scroll of immolation {unknown}
 t - 3 scrolls of remove curse {unknown}
 y - a scroll of magic mapping {unknown}
Potions
 c - a potion of magic {unknown}
 e - a potion of might {unknown}
 h - a potion of curing
 i - 2 potions of agility
 k - a potion of cancellation
 v - a potion of poison
 A - a potion of haste {unknown}
 D - a potion of degeneration {unknown}
 E - 2 potions of resistance {unknown}
Comestibles
 b - 5 bread rations
 l - 4 fruits
 n - a slice of pizza
 z - a meat ration


   Skills:
 - Level 2.4 Fighting
 - Level 2.4 Dodging
 - Level 1.1 Stealth
 + Level 8.8 Unarmed Combat


You had 6 spell levels left.
You didn't know any spells.

Dungeon Overview and Level Annotations

Branches:
Dungeon (5/15)
 Temple: D:4-7

Altars:
Kikubaaqudgha
Okawaru
Vehumet

Shops:
D:4 (   D:5 !


Innate Abilities, Weirdness & Mutations

You are too large for most types of armour.
You have claws for hands.
Your metabolism is lightning-fast.
You like to eat raw meat.
You heal very quickly.
You are covered in fur (AC +1).
You have very tough skin (AC +2).


Message History

* * * LOW HITPOINT WARNING * * *
The scorpion stings you but does no damage.
The worker ant bites you but does no damage.
A centaur comes into view.
Drink which item? (? for menu, Esc to quit)
It was a potion of poison.
That liquid tasted very nasty...
You are poisoned.
You feel sick. The worker ant closely misses you.
The centaur closely misses you. The scorpion closely misses you.
The worker ant barely misses you.
The scorpion stings you but does no damage.
The worker ant bites you but does no damage.
Drink which item? (? for menu, Esc to quit)
It was a potion of cancellation.
Your magical effects are unravelling.
You feel magically purged.
You feel a little less agile now.
The sentinel's mark upon you fades away.
You feel sick. The centaur closely misses you. The scorpion stings you!
You die...

..............#
.....####.....#
##....####....#
####...####...#####
.# ##.............#
.# #....##.....?.##
.#
#.##...........##.##
..
....#####...........#
.......
......a@s......
........
###..(asc#####.
#......# ...(...cg#
#####. #.........
.....##.... ...##
#..... .#. #.$.... .
.......:


You could see 2 centaurs, 2 scorpions, 2 worker ants and a goblin.

Vanquished Creatures
  Sigmund (D:3)
  Ijyb (D:3)
  A hound (D:4)
  Terence (D:3)
  A worker ant (D:4)
  2 orc wizards (D:5)
  A hound skeleton (D:4)
  4 gnolls (D:4)
  12 adders
  2 oozes
  2 worms
  A giant gecko (D:3)
  16 orcs
  A ball python (D:2)
  A bat skeleton (D:5)
  8 giant cockroaches
  8 hobgoblins
  6 jackals
  A quokka (D:3)
  9 bats
  2 giant newts
  10 goblins
  6 kobolds
  9 rats
106 creatures vanquished.

Notes
Turn   | Place    | Note
--------------------------------------------------------------
     0 | D:1      | urechis the Troll Monk began the quest for the Orb.
     0 | D:1      | Reached XP level 1. HP: 22/22 MP: 0/0
   114 | D:1      | Reached XP level 2. HP: 29/29 MP: 1/1
   780 | D:2      | Reached skill level 5 in Unarmed Combat
   784 | D:2      | Reached XP level 3. HP: 36/36 MP: 2/2
   947 | D:2      | Found an iron altar of Okawaru.
  1030 | D:3      | Noticed Ijyb
  1046 | D:3      | Killed Ijyb
  1046 | D:3      | Reached XP level 4. HP: 39/44 MP: 3/3
  1167 | D:3      | Noticed Sigmund
  1174 | D:3      | Noticed Terence
  1178 | D:3      | Killed Sigmund
  1178 | D:3      | Reached skill level 7 in Unarmed Combat
  1178 | D:3      | Reached XP level 5. HP: 19/50 MP: 4/4
  1183 | D:3      | Killed Terence
  1183 | D:3      | Reached XP level 6. HP: 16/59 MP: 5/5
  1959 | D:4      | Found Waukk's Antique Weapon Boutique.
  1986 | D:4      | Reached skill level 8 in Unarmed Combat
  2025 | D:4      | Found a radiant altar of Vehumet.
  2386 | D:4      | Reached XP level 7. HP: 58/66 MP: 6/6
  2480 | D:4      | Found an ancient bone altar of Kikubaaqudgha.
  2480 | D:4      | Found a radiant altar of Vehumet.
  2726 | D:5      | Entered Level 5 of the Dungeon
  2726 | D:5      | Found Viofam's Distillery.
  2831 | D:5      | HP: 2/66 [scorpion (4)]
  2836 | D:5      | HP: 2/66 [poison (a potion of poison)]
  2836 | D:5      | Mangled by a scorpion

Vault maps used:
D:1:      noname_arrival_rooms_in_the_neighbourhood, nrook_loot_triangle,
          item_on_display_a
D:2:      okawaru_gym_becter
D:3:      kennysheep_six_static_rooms, first_bread, kennysheep_boxes,
          uniq_sigmund, uniq_terence, uniq_iyjb
D:4:      gammafunk_temple_overflow_elements, serial_shops, shop_fountains,
          vehumet_altar_wand_db
D:5:      kennysheep_windowed_goal

Action                   |  1- 3 |  4- 6 |  7- 9 || total
-------------------------+-------+-------+-------++-------
Melee: Unarmed           |    78 |   153 |    33 ||   264
  Use: Potion            |       |       |     4 ||     4
 Stab: Sleeping          |     2 |     1 |     1 ||     4
  Eat: Chunk             |    13 |    10 |     6 ||    29
